Map: Hardwire LE

Players

SPIRIT - Winner!

  • Race: Zerg Zerg
  • League: Master

Sprite

  • Race: Terran Terran

VOD

Have the link to the VOD?

Description

Time

  • Played on: Jan. 13, 2022, 12:36 p.m.
  • Length: 4:28
Show
View Real Time Build Order
Export as new Build Order

SPIRIT Zerg - Winner!

Build Orders: Hatch First, Roach Nydus 

Get SALT Encoding   

  12  0:01  Drone  
  13  0:08  Drone  
  14  0:16  Overlord  
  14  0:22  Extractor  
  14  0:23  Drone  
  15  0:35  Drone  
  16  0:47  Hatchery  
  15  0:51  Drone  
  15  0:54  Drone  
  17  0:58  Drone  
  18  1:08  Extractor  
  17  1:13  Spawning Pool  
  17  1:16  Drone  
  17  1:19  Drone  
  18  1:27  Drone  
  19  1:38  Drone  
  20  1:48  Overlord  
  20  2:00  Queen  
  20  2:01  Zergling x4  
  24  2:08  Lair  
  24  2:11  Drone x2  
  26  2:21  Drone  
  26  2:22  Drone  
  28  2:32  Extractor, Drone x2  
  28  2:35  Queen  
  31  2:42  Roach Warren  
  31  2:43  Drone x2  
  32  2:53  Drone x2  
  34  3:04  Overlord  
  34  3:06  Drone  
  34  3:08  Nydus Network  
  33  3:14  Queen  
  33  3:18  Overlord  
  35  3:20  Overlord  
  35  3:24  Roach  
  36  3:30  Roach  
  36  3:31  Roach  
  40  3:36  Roach  
  40  3:37  Roach  
  44  3:44  Roach  
  44  3:45  Nydus Canal  
  44  3:48  Roach  
  48  3:55  Roach  
  50  3:57  Roach  
  52  4:08  Roach x2  
Show
View Real Time Build Order
Export as new Build Order

Sprite Terran 

Build Orders: 2 Factory 

Get SALT Encoding   

  12  0:00  SCV  
  13  0:12  SCV  
  14  0:17  Supply Depot  
  14  0:24  SCV  
  15  0:29  Refinery  
  15  0:40  Barracks  
  15  0:45  SCV  
  16  0:57  SCV  
  17  1:10  SCV  
  18  1:28  Barracks Reactor  
  18  1:30  Orbital Command  
  18  1:42  Command Center  
  18  1:57  Factory  
  18  1:58  SCV  
  19  2:08  Supply Depot  
  19  2:10  SCV  
  19  2:13  Marine  
  21  2:16  Reaper  
  23  2:22  SCV  
  23  2:33  Refinery  
  23  2:34  SCV  
  24  2:47  SCV  
  24  2:51  Factory  
  25  2:56  Orbital Command  
  25  2:58  Hellion  
  27  3:00  SCV  
  28  3:13  Hellion  
  28  3:15  SCV  
  28  3:19  Hellion  
  32  3:24  SCV  
  33  3:28  Armory, SCV  
  34  3:36  SCV  
  34  3:39  Supply Depot  
  34  3:40  Factory Tech Lab, SCV  
  36  3:45  Hellion  
  36  3:47  Hellion  
  40  3:48  SCV  
  40  3:52  SCV  
  42  3:56  Refinery  
  42  4:00  SCV  
  42  4:02  Supply Depot  
  43  4:03  Supply Depot  
Tags
 
Add a new tag
Caveats
  • Supply blocks, unpowered buildings, or Contaminate may cause inaccurate times.
  • Supply counts are checked every 10 seconds.